 Dungeon Crawl Stone Soup version 0.29-a0-648-g6b26cc9f40 (webtiles) character file.

Game seed: 15419381383835503126

4945 vineage the Fighter (level 10, -2/68 HPs)
             Began as a Gargoyle Fighter on June 20, 2022.
             Was a Priest of Okawaru.
             Slain by a two-headed ogre
             ... wielding a +0 giant spiked club
              (16 damage)
             ... on level 8 of the Dungeon.
             The game lasted 00:12:44 (9496 turns).

vineage the Fighter (Gargoyle Fighter)              Turns: 9496, Time: 00:12:44

Health: -2/68      AC: 18    Str: 21    XL:     10   Next: 52%
Magic:  12/13      EV: 11    Int: 10    God:    Okawaru [***...]
Gold:   1461       SH:  7    Dex: 11    Spells: 9/9 levels left

rFire   . . .      SeeInvis .   f - +4 flail (vorpal)
rCold   . . .      Faith    .   c - +0 buckler
rNeg    + . .      Spirit   .   b - +0 scale mail
rPois   ∞          Reflect  .   (no helmet)
rElec   +          Harm     .   e - +0 cloak
rCorr   +          Rampage  .   (no gloves)
Will    .....                   (no boots)
Stlth   +.........              (no amulet)
HPRegen 0.21/turn               p - ring of resist corrosion
MPRegen 0.13/turn               (no ring)

@: about to teleport, heroic
A: sickness immunity, AC +7, negative energy resistance 1, electricity
resistance, torment resistance 1, petrification resistance
a: Renounce Religion, Heroism


You were on level 8 of the Dungeon.
You worshipped Okawaru.
Okawaru was most pleased with you.
You visited 2 branches of the dungeon, and saw 9 of its levels.

You collected 1461 gold pieces.

Inventory:

Hand Weapons
 a - a +1 flail
 f - a +4 vorpal flail (weapon)
Armour
 b - a +0 scale mail (worn)
 c - a +0 buckler (worn)
 e - a +0 cloak (worn)
 o - a scarf of resistance
 v - a +0 pair of gloves
Jewellery
 p - a ring of resist corrosion (left hand)
Wands
 t - a wand of digging (3)
Scrolls
 d - a scroll of enchant armour {unknown}
 g - a scroll of vulnerability
 h - 2 scrolls of immolation
 n - a scroll of fog
 r - a scroll of poison
 w - a scroll of identify
 y - 2 scrolls of enchant weapon
Potions
 i - 2 potions of attraction
 j - 2 potions of flight
 l - a potion of degeneration
 m - 3 potions of brilliance
 q - a potion of lignification {unknown}
 s - a potion of ambrosia {unknown}
 z - a potion of haste {unknown}


   Skills:
 * Level 10.8(15.8) Fighting
 + Level 6.8(11.8) Maces & Flails
 + Level 7.9(12.9) Armour
 + Level 8.0(13.0) Shields
 + Level 4.1 Invocations


You had 9 spell levels left.
You didn't know any spells.
Your spell library contained the following spells:

 Spells                   Type           Power      Damage    Failure   Level
 Apportation              Tloc           0%         N/A       67%         1
 Necrotize                Necr           0%         1d4       67%         1
 Summon Small Mammal      Summ           Unusable   N/A       N/A         1

Dungeon Overview and Level Annotations

Branches:
Dungeon (8/15)             Temple (1/1) D:5            Lair (0/6) D:8

Altars:
Ashenzari
Dithmenos
Fedhas
Gozag
Hepliaklqana
Makhleb
Nemelex Xobeh
Okawaru
Qazlal
Sif Muna
Trog
Uskayaw
Vehumet
Wu Jian
Xom
Yredelemnul


Innate Abilities, Weirdness & Mutations

You are immune to sickness and miasma.
Your stone body is resilient. (AC +7)
You are immune to poison.
You resist negative energy. (rN+)
You are resistant to electric shocks. (rElec)
You are resistant to unholy torment.
You are immune to petrification.


Message History

The centaur shoots an arrow.
The arrow hits you.
You gain the combat prowess of a mighty hero.
The two-headed ogre closely misses you.
The two-headed ogre hits you but does no damage.
You barely miss the two-headed ogre. You thump the two-headed ogre!
The two-headed ogre is lightly wounded.
The two-headed ogre barely misses you.
The two-headed ogre hits you with a +0 dire flail!!
You thump the two-headed ogre!
The two-headed ogre is heavily wounded.
You hit the two-headed ogre.
The two-headed ogre is heavily wounded.
You block the two-headed ogre's attack. The two-headed ogre closely misses you.
You completely miss the two-headed ogre.
The two-headed ogre is heavily wounded.
You hit the two-headed ogre.
The two-headed ogre is heavily wounded.
The two-headed ogre closely misses you.
The two-headed ogre hits you with a +0 dire flail!
* * * LOW HITPOINT WARNING * * *
You hit the two-headed ogre.
The two-headed ogre is severely wounded.
You hit the two-headed ogre.
The two-headed ogre is severely wounded.
The two-headed ogre closely misses you.
The two-headed ogre hits you with a +0 dire flail.
* * * LOW HITPOINT WARNING * * *
Okay, then.
Okay, then.
As you read the scroll of teleportation, it crumbles to dust.
You feel strangely unstable.
The two-headed ogre hits you but does no damage.
You block the two-headed ogre's attack.
Okay, then.
As you read the scroll of fog, it crumbles to dust.
The scroll dissolves into smoke.
The two-headed ogre attacks as you move away!
The two-headed ogre hits you with a +0 giant spiked club!
You die...

.......#..).......#.....#####
#........#..........#.....#....
#........#..........#.....'....
#........#..........#.....#....
#........#..........#....<#....
#........#..........#.....#....
#:.......#.##########.....#.###
.....#..#.Y##§###.......###.##.
..........zc§O@§.............#.
....###'#####§#####'###......'.
. #...†.# ##§.# #........
#.###o# #.# #....≈≈§§
.'#.cz#'.# .'. .'...≈≈§§≈
..#.###.##..# #.# #.#...≈≈≈§§ .
#.)5..# #..##.#.##...§≈.>.
###c### ## #'# #.#.≈≈≈.. 8.8.
.. #....≈≈≈≈


You could see a two-headed ogre.

Vanquished Creatures
  A fire dragon (D:8)
  A two-headed ogre (D:8)
  Maggie (D:6)
  Grinder (D:3)
  A shadow (D:7)
  A wraith (D:8)
  Edmund (D:5)
  Menkaure (D:5)
  An acid dragon (D:6)
  A water moccasin (D:7)
  A black bear (D:5)
  2 ice beasts
  4 sky beasts
  6 centaurs
  A phantom (D:6)
  An ogre (D:7)
  A bullfrog (D:6)
  3 scorpions
  2 necrophages
  4 killer bees (D:7)
  A howler monkey (D:3)
  A jelly (D:7)
  3 hounds
  A gnoll shaman (D:7)
  An orc priest (D:8)
  Crazy Yiuf (D:5)
  Ijyb (D:5)
  2 iguanas
  6 orc wizards
  A gnoll (D:8)
  7 adders
  2 shadow imps
  3 white imps (D:7)
  An ufetubus (D:7)
  2 worms (D:2)
  11 dart slugs
  17 orcs
  9 endoplasms
  3 giant cockroaches
  5 hobgoblins
  A quokka (D:1)
  8 ball pythons
  8 bats
  3 goblins
  6 kobolds
  3 rats
142 creatures vanquished.

Vanquished Creatures (others)
  An orc wizard (D:8)
1 creature vanquished.

Grand Total: 143 creatures vanquished

Notes
Turn   | Place    | Note
-------+----------+-------------------------------------------
     0 | D:1      | vineage the Gargoyle Fighter began the quest for the Orb.
     0 | D:1      | Reached XP level 1. HP: 14/14 MP: 1/1
   249 | D:1      | Reached XP level 2. HP: 19/19 MP: 2/2
   339 | D:1      | Found a faded altar of an unknown god.
  1044 | D:2      | Reached XP level 3. HP: 20/24 MP: 3/3
  1167 | D:2      | Reached skill level 4 in Fighting
  1592 | D:3      | Noticed Grinder
  1604 | D:3      | Paralysed by Grinder for 3 turns
  1607 | D:3      | Killed Grinder
  1608 | D:3      | Reached skill level 5 in Fighting
  1608 | D:3      | Reached XP level 4. HP: 20/31 MP: 4/4
  1608 | D:3      | Reached XP level 5. HP: 22/35 MP: 5/5
  1608 | D:3      | Reached XP level 6. HP: 26/40 MP: 6/6
  1938 | D:3      | Found a faded altar of an unknown god.
  1938 | D:3      | Found a broken altar of Ashenzari.
  1945 | D:3      | Found a hazy altar of Hepliaklqana.
  1948 | D:3      | Found a shimmering blue altar of Sif Muna.
  1950 | D:3      | Found a stormy altar of Qazlal.
  1990 | D:3      | Found a hide-covered altar of Uskayaw.
  2154 | D:3      | Found a basalt altar of Yredelemnul.
  3192 | D:4      | Reached XP level 7. HP: 45/45 MP: 7/7
  3241 | D:4      | Reached skill level 6 in Fighting
  3823 | D:5      | Entered Level 5 of the Dungeon
  3941 | D:5      | Found a staircase to the Ecumenical Temple.
  3948 | Temple   | Entered the Ecumenical Temple
  4227 | Temple   | Became a worshipper of Warmaster Okawaru
  4409 | D:5      | Noticed Ijyb
  4435 | D:5      | Killed Ijyb
  4436 | D:5      | Reached skill level 5 in Shields
  4519 | D:5      | Noticed Edmund
  4530 | D:5      | Killed Edmund
  4531 | D:5      | Reached skill level 5 in Armour
  4660 | D:5      | Identified a scroll of acquirement
  4660 | D:5      | Acquired 885 gold pieces
  4798 | D:5      | Reached skill level 7 in Fighting
  4798 | D:5      | Reached XP level 8. HP: 48/53 MP: 8/8
  4919 | D:5      | Found a runed translucent door.
  4920 | D:5      | Noticed Crazy Yiuf
  4982 | D:5      | Noticed Menkaure
  4989 | D:5      | Killed Menkaure
  4989 | D:5      | Reached * piety under Okawaru
  5256 | D:5      | Killed Crazy Yiuf
  5382 | D:6      | Noticed Maggie
  5402 | D:6      | Killed Maggie
  5403 | D:6      | Reached skill level 8 in Fighting
  5403 | D:6      | Reached skill level 5 in Maces & Flails
  5559 | D:6      | Reached XP level 9. HP: 38/60 MP: 9/9
  5565 | D:6      | Reached ** piety under Okawaru
  5894 | D:6      | Identified the +4 hand axe of the Traitor {vorpal, Drain
                  | rPois Dex+4 Stlth+}
  6245 | D:6      | Reached skill level 9 in Fighting
  6526 | D:7      | Reached skill level 1 in Invocations
  7255 | D:7      | Reached *** piety under Okawaru
  7791 | D:7      | Reached skill level 10 in Fighting
  7791 | D:7      | Reached XP level 10. HP: 44/68 MP: 12/12
  8507 | D:8      | Noticed a two-headed ogre
  8520 | D:8      | Killed a two-headed ogre
  8638 | D:8      | Found a staircase to the Lair.
  8639 | D:8      | Noticed a fire dragon
  8668 | D:8      | Killed a fire dragon
  8668 | D:8      | Reached **** piety under Okawaru
  9475 | D:8      | Noticed a two-headed ogre
  9496 | D:8      | Slain by a two-headed ogre

Illustrated notes

Levels and vault maps discovered:
D:1:      erik_arrival_triangle_small, layout_rooms,
          hellmonk_ecumenical_altar_crossroads
D:2:      layout_basic
D:3:      layout_rooms, mainiacjoe_overflow_alcove_1,
          mainiacjoe_overflow_24_doors, chequers_temple_overflow_minitemple,
          nicolae_elevator_lobby_plus, uniq_grinder
D:4:      kennysheep_slugbush, layout_cave_pods
D:5:      layout_loops_corners, minmay_temple_entry_tees, item_on_display_a,
          uniq_menkaure, uniq_edmund, uniq_ijyb, uniq_crazy_yiuf_cottage
D:6:      layout_gridville, uniq_maggie
D:7:      minmay_chambers_of_fours, layout_layer_cave, minivault_19,
          lemuel_old_faithful
D:8:      minmay_the_grid_square_5x5_3x3
          [minmay_the_grid_square_5x5_sharp_hourglass,
          minmay_the_grid_square_5x5_seven, minmay_the_grid_square_5x5_c,
          minmay_the_grid_square_5x5_checkered_statues,
          minmay_the_grid_square_5x5_megaprize_crossed,
          minmay_the_grid_square_5x5_forky,
          minmay_the_grid_square_5x5_checkered,
          minmay_the_grid_square_5x5_half_checkered,
          minmay_the_grid_square_5x5_two_walls_b], layout_gridville,
          minmay_lair_entry_lava
Temple:   regret_index_temple_generic_petals

Skill      XL: |  1  2  3  4  5  6  7  8  9 10 |
---------------+-------------------------------+-----
Fighting       | 5 7 8 10 | 10.8
Maces & Flails | 3 4 5 6 |  6.8
Armour         | 4 5 6 7 |  7.9
Shields        | 4 5 6 7 8 |  8.0
Invocations    | 3 4 |  4.1

Action                   |  1- 3 |  4- 6 |  7- 9 | 10-12 || total
-------------------------+-------+-------+-------+-------++-------
Melee: Flail             |   118 |   103 |   330 |    68 ||   619
Invok: Heroism           |       |       |     3 |     4 ||     7
  Use: Potion            |     1 |       |     3 |     3 ||     7
       Scroll            |       |     6 |    10 |     4 ||    20
Armor: Scale mail        |    66 |    75 |   236 |    45 ||   422
Dodge: Dodged            |    56 |    30 |   144 |    43 ||   273
Block: Buckler           |    33 |    20 |    81 |    28 ||   162

Table legend: (Time is in decaauts)
 A = Elapsed time spent in this place.
 B = Non-inter-level travel time spent in this place.
 C = Inter-level travel time spent in this place.
 D = Time resting spent in this place.
 E = Time spent auto-exploring this place.
 F = Levels seen in this place.
 G = Mean time per level.
                   A        B        C        D        E       F      G
               +--------+--------+--------+--------+--------+-----+--------+
         Total |   9632 |   9223 |    409 |   1987 |   5852 |   9 | 1070.2 |
       Dungeon |   9312 |   9075 |    237 |   1987 |   5710 |   8 | 1164.0 |
        Temple |    320 |    148 |    172 |      0 |    142 |   1 |  320.0 |
               +--------+--------+--------+--------+--------+-----+--------+

Top non-repeatable levels by time:
     D:7: 2054 daAuts
     D:3: 1310 daAuts
     D:5: 1266 daAuts
     D:4: 1146 daAuts
     D:6: 1097 daAuts
     D:8: 989 daAuts
     D:2: 881 daAuts
     D:1: 568 daAuts
  Temple: 320 daAuts
